 Dungeon Crawl Stone Soup version 0.23.2-1-ga50397a6bc (webtiles) character file.

Game seed: 8755532220877213591

35 Foic the Grave Robber (level 3, 24/24 HPs)
             Began as a Mummy Necromancer on May 30, 2019.
             Safely got out of the dungeon.
             The game lasted 00:04:58 (1483 turns).

Foic the Grave Robber (Mummy Necromancer)           Turns: 1483, Time: 00:04:58

Health: 24/24      AC:  3    Str: 11    XL:     3   Next: 16%
Magic:  8/8        EV: 11    Int: 15    God:
Gold:   43         SH:  0    Dex: 12    Spells: 4/9 levels left

rFire    x . .     SeeInvis .   (no weapon)
rCold    + . .     Gourm    .   (no shield)
rNeg     + + +     Faith    .   b - +0 leather armour
rPois    ∞         Spirit   .   (no helmet)
rElec    .         Reflect  .   (no cloak)
rCorr    .         Harm     .   (no gloves)
MR       .....                  (no boots)
Stlth    +.........             (no amulet)
HPRegen  0.08/turn              c - ring of wizardry
MPRegen  0.11/turn              (no ring)

@: no status effects
A: no food or potions, fire vulnerability, cold resistance 1, negative energy
resistance 3, torment resistance, unbreathing
a: no special abilities


You escaped.
You were not hungry.

You visited 1 branch of the dungeon, and saw 2 of its levels.

You collected 43 gold pieces.

Inventory:

Missiles
 e - 69 stones (quivered)
Armour
 a - a +0 robe
 b - a +0 leather armour (worn)
 j - a +0 pair of gloves
Jewellery
 c - a ring of wizardry (left hand)
Scrolls
 d - a scroll of blinking {unknown}
 f - a scroll of fear {unknown}
 g - a scroll of immolation {unknown}
 h - 3 scrolls of identify {unknown}
 i - a scroll of teleportation {unknown}


   Skills:
 * Level 1.7 Dodging
 + Level 1.5 Stealth
 * Level 3.9 Spellcasting
 + Level 4.4 Necromancy


You had 4 spell levels left.
You knew the following spells:

 Your Spells              Type           Power        Failure   Level  Hunger
a - Pain                  Necr           ###.         1%          1    N/A
b - Animate Skeleton      Necr           N/A          1%          1    N/A
c - Vampiric Draining     Necr           ###.......   4%          3    N/A

Your spell library contained the following spells:

 Spells                   Type           Power        Failure   Level  Hunger
 Animate Dead             Necr           N/A          16%         4    N/A
 Regeneration             Chrm/Necr      Unusable     N/A         3    N/A

Dungeon Overview and Level Annotations

Branches:
Dungeon (2/15)

Altars:
Yredelemnul


Innate Abilities, Weirdness & Mutations

You do not eat or drink.
Your flesh is vulnerable to fire.
You are immune to poison.
Your flesh is cold resistant. (rC+)
You are immune to negative energy. (rN+++)
You are immune to unholy pain and torment.
You can survive without breathing.


Message History

There is an open door here.
You pick your way through the web.
There is a web here.
There is a basalt altar of Yredelemnul here.
You kneel at the altar of Yredelemnul.
Quiver which item? (- for none, * to show all) (? for menu, Esc to quit)
Okay, then.
There is an open door here.
There is a stone staircase leading up here.
You climb upwards.
There is a stone staircase leading down here.
You open the door.
There is an open door here.
There is an open door here.
There is an open door here.
There is an open door here.
There is an open door here.
There is a staircase leading out of the dungeon here.
Are you sure you want to leave the Dungeon?
This will make you lose the game!
You have escaped!

........#################....####
.......## ###.......### ##...#
......## ##...........## ##%.#
......# ##....##'##....## #..# ##
......# #...####.####...# #..# #.
.....####..##.......##..####.# #.
#+#..# #...#..#####..#...# #.# #.
.....# #..##.##...##.##..# #.# #.
.....# #..##.##.@.##.##..# #.###.
.....# #..##.##...##.##..# #..##.
.....# #...#..##'##..#...# #.....
#'#..####..##.......##..####..##.
#.#...# #...#########...# #...##.
#.#...# ##....#####....## #..###.
#.#...## ##...........## ##..# #.
#.#....## ###.......### ##...# #.
#.#.....########.########....# #.


There were no monsters in sight!

Vanquished Creatures
  An adder (D:2)
  A leopard gecko (D:1)
  6 bats (D:1)
  3 goblins (D:1)
  A hobgoblin (D:1)
  2 jackals (D:1)
  A ball python (D:1)
  6 kobolds (D:1)
  A spectral orc (D:2)
22 creatures vanquished.

Notes
Turn   | Place    | Note
-------+----------+-------------------------------------------
     0 | D:1      | Foic the Mummy Necromancer began the quest for the Orb.
     0 | D:1      | Reached XP level 1. HP: 13/13 MP: 4/4
     2 | D:1      | Learned a level 1 spell: Animate Skeleton
   393 | D:1      | Reached XP level 2. HP: 19/19 MP: 0/6
  1268 | D:2      | Reached XP level 3. HP: 24/24 MP: 4/8
  1316 | D:2      | Learned a level 3 spell: Vampiric Draining
  1346 | D:2      | Found a basalt altar of Yredelemnul.
  1483 | D:$      | Safely got out of the dungeon.

Skill      XL: |  1 |
---------------+----+-----
Spellcasting   | 3 |  3.9
Dodging        | |  1.7
Stealth        | |  1.5
Necromancy     | |  4.4

Action                   || total
-------------------------++-------
Throw: Stone             ||     1
 Cast: Pain              ||    42
       Animate Skeleton  ||     7
Armor: Robe              ||     7
       Leather armour    ||     1
Dodge: Dodged            ||    20
